 Seeded DCSS version 0.30-a0-800-g7c544603b3 (webtiles) character file.

Game seed: 17094993987773851223 (custom seed)

48 hikkokomori the Cutter (level 3, 0/18 HPs)
             Began as a Vine Stalker Gladiator on Feb 23, 2023.
             Succumbed to an adder's poison
             ... on level 3 of the Dungeon.
             The game lasted 00:03:00 (1692 turns).

hikkokomori the Cutter (Vine Stalker Gladiator)     Turns: 1692, Time: 00:03:00

Health: 0/18       AC:  4    Str: 16    XL:     3   Next: 72%
Magic:  3/4        EV: 27    Int:  8    God:
Gold:   108        SH:  0    Dex: 15    Spells: 2/2 levels left

rFire   . . .      SeeInvis .    a - +0 rapier
rCold   . . .      Faith    .    (no shield)
rNeg    . . .      Spirit   +    b - +0 leather armour
rPois   .          Reflect  .    c - +0 helmet
rElec   .          Harm     .    (no cloak)
rCorr   .          Rampage  .    (no gloves)
Will    .....                    (no boots)
Stlth   +                        g - amulet of the acrobat
HPRegen 0.23/turn                (no ring)
MPRegen 0.09/turn                (no ring)

@: lethally poisoned (0 -> -2), acrobatic, invisible
A: fangs 2, magic shield, antimagic bite, no potion heal 2, weak 1
a: no special abilities


You were on level 3 of the Dungeon.
You visited 1 branch of the dungeon, and saw 3 of its levels.

You collected 108 gold pieces.

Inventory:

Hand Weapons
 a - a +0 rapier (weapon)
Missiles
 d - 3 throwing nets (quivered)
 e - a javelin
Armour
 b - a +0 leather armour (worn)
 c - a +0 helmet (worn)
 l - a +0 kite shield
Jewellery
 g - an amulet of the acrobat (around neck)
 n - the ring "Ezina" {rF+ rN++ rCorr Int-5 Dex+9}
   (You found it on level 2 of the Dungeon)

   [ring of protection from fire]

   Int:       It affects your intelligence (-5).
   Dex:       It affects your dexterity (+9).
   rF:        It protects you from fire.
   rN:        It greatly protects you from negative energy.
   rCorr:     It protects you from acid and corrosion.
Scrolls
 f - 2 scrolls of identify {unknown}
 i - a scroll of butterflies {unknown}
 m - 3 scrolls of magic mapping {unknown}
Potions
 h - a potion of heal wounds
 j - 2 potions of mutation
 o - a potion of curing {unknown}


   Skills:
 + Level 2.3 Fighting
 + Level 3.1 Short Blades
 + Level 2.4 Throwing
 + Level 2.8 Dodging


You had 2 spell levels left.
You didn't know any spells.
Your spell library contained the following spells:

 Spells                   Type           Power      Damage    Failure   Level
 Sting                    Tmut/Pois      0%         1d3       47%         1
 Ensorcelled Hibernation  Hex/Ice        0%         N/A       63%         2
 Passwall                 Tmut/Erth      0%         N/A       63%         2
 Poisonous Vapours        Pois/Air       0%         N/A       63%         2
 Swiftness                Air            0%         N/A       85%         3
 Tukima's Dance           Hex            0%         N/A       85%         3
 Olgreb's Toxic Radiance  Pois           0%         N/A       99%         4
 Passage of Golubria      Tloc           0%         N/A       99%         4
 Yara's Violent Unravell  Hex/Tmut       0%         3d3       100%        5


Dungeon Overview and Level Annotations

Branches:
Dungeon (3/15)

Altars:

Shops:
D:1 ***


Innate Abilities, Weirdness & Mutations

You have extremely sharp teeth.
When hurt, damage is shared between your health and your magic reserves.
Your bite disrupts and absorbs the magic of your enemies.
Potions cannot restore your health.
You are weak. (Str -2)


Message History

You are too injured to fight recklessly!
You are too injured to fight recklessly!
You are too injured to fight recklessly!
You are too injured to fight recklessly!
You are too injured to fight recklessly!
You are too injured to fight recklessly!
You are too injured to fight recklessly!
You are too injured to fight recklessly!
You are too injured to fight recklessly!
You are too injured to fight recklessly!
You are too injured to fight recklessly!
You are too injured to fight recklessly!
You are too injured to fight recklessly!
You are too injured to fight recklessly!
You are too injured to fight recklessly!
You are too injured to fight recklessly!
You are too injured to fight recklessly!
You are too injured to fight recklessly!
You are too injured to fight recklessly!
You are too injured to fight recklessly!
You escape the ball python's grasp.
The ball python attacks as you move away!
The ball python misses you. The ball python closely misses you.
Found a scroll labelled XYSAHU DULUA.
You feel sick.
The ball python attacks as you move away!
The ball python closely misses you. The ball python misses you.
* * * LOW HITPOINT WARNING * * *
You feel sick.
* * * LOW HITPOINT WARNING * * *
You feel sick.
It was a potion of heal wounds.
That seemed strangely inert.
* * * LOW HITPOINT WARNING * * *
You feel sick. The adder barely misses you.
It was a potion of invisibility.
You fade into invisibility!
* * * LOW HITPOINT WARNING * * *
You feel sick. The adder completely misses you.
* * * LOW HITPOINT WARNING * * *
You feel sick. The adder completely misses you.
You die...

######## #......#
#......# #......#
### #......##
#<########g......#
+....†@.SSS........
#.###.#.###.##...##
#.# #.#.....# ...#
#.. #........# ..+
### ########.# .#
)# # .+ ?#


You could see an adder (unable to see you), a hobgoblin (unable to see you) and
2 ball pythons.

Vanquished Creatures
  An adder zombie (D:2)
  A worm (D:2)
  2 dart slugs
  3 ball pythons
  4 bats
  A bat skeleton (D:2)
  8 endoplasms
  A goblin (D:1)
  2 hobgoblins
  A kobold (D:2)
  2 quokkas
  2 ball python zombies (D:2)
  2 frilled lizards
  A quokka skeleton (D:2)
  5 rats
36 creatures vanquished.

Notes
Turn   | Place    | Note
-------+----------+-------------------------------------------
     0 | D:1      | hikkokomori the Vine Stalker Gladiator began the quest for
                  | the Orb.
     0 | D:1      | Reached XP level 1. HP: 11/11 MP: 2/2
    13 | D:1      | Found Fiyrphoi's General Store.
    30 | D:1      | Found Juzxaq's General Store.
    67 | D:1      | Reached XP level 2. HP: 12/15 MP: 1/3
   278 | D:1      | Found Hunlibb Keixt's Assorted Antiques.
   823 | D:2      | Gained mutation: You are weak. (Str -2) [potion of
                  | mutation]
   883 | D:2      | Reached skill level 3 in Short Blades
   883 | D:2      | Reached XP level 3. HP: 16/18 MP: 4/4
  1392 | D:2      | Identified the ring "Ezina" {rF+ rN++ rCorr Int-5 Dex+9}
  1692 | D:3      | Succumbed to an adder's poison

Illustrated notes

Levels and vault maps discovered:
D:1:      tarquinn_simple_flora_water_a, layout_basic, serial_shops, shop,
          shop_statue, nicolae_shop_stone, minmay_misc_feat_five, nicolae_titane
D:2:      layout_basic, serial_undead, serial_undead_d, serial_undead_f,
          serial_undead_f, serial_undead_a
D:3:      layout_basic, uniq_natasha

Skill      XL: |  1  2 |
---------------+-------+-----
Fighting       | 2 |  2.3
Throwing       | 2 |  2.4
Short Blades   | 3 |  3.1
Dodging        | |  2.8

Action                     || total
---------------------------++-------
  Melee: Rapier            ||    84
         Bite              ||    22
    Use: Potion            ||     3
   Stab: Sleeping          ||     1
 Armour: Leather armour    ||    18
  Dodge: Dodged            ||    75

Table legend: (Time is in decaauts)
 A = Elapsed time spent in this place.
 B = Non-inter-level travel time spent in this place.
 C = Inter-level travel time spent in this place.
 D = Time resting spent in this place.
 E = Time spent auto-exploring this place.
 F = Levels seen in this place.
 G = Mean time per level.
                   A        B        C        D        E       F      G
               +--------+--------+--------+--------+--------+-----+--------+
         Total |   1698 |   1636 |     62 |     28 |   1325 |   3 |  566.0 |
       Dungeon |   1698 |   1636 |     62 |     28 |   1325 |   3 |  566.0 |
               +--------+--------+--------+--------+--------+-----+--------+

Top non-repeatable levels by time:
     D:1: 847 daAuts
     D:2: 824 daAuts
     D:3: 26 daAuts
